 Dungeon Crawl Stone Soup version 0.27.1-1-g398f81649c (webtiles) character file.

Game seed: 10102401701314125316

4 nxtlvl the Grave Robber (level 1, 0/16 HPs)
             Began as a Minotaur Necromancer on Sept 10, 2021.
             Slain by a hobgoblin (4 damage)
             ... on level 1 of the Dungeon.
             The game lasted 00:00:51 (134 turns).

nxtlvl the Grave Robber (Minotaur Necromancer)       Turns: 134, Time: 00:00:52

Health: 0/16       AC:  5    Str: 12    XL:     1   Next: 58%
Magic:  1/1        EV: 10    Int: 12    God:
Gold:   0          SH:  0    Dex: 10    Spells: 1/2 levels left

rFire    . . .     SeeInvis .   a - +0 dagger
rCold    . . .     Faith    .   (no shield)
rNeg     . . .     Spirit   .   c - +0 ring mail
rPois    .         Reflect  .   (helmet restricted)
rElec    .         Harm     .   (no cloak)
rCorr    .         Rampage  .   (no gloves)
Will     .....                  (no boots)
Stlth    +.........             (no amulet)
HPRegen  0.05/turn              (no ring)
MPRegen  0.07/turn              (no ring)

@: no status effects
A: horns 2, retaliatory headbutt
a: no special abilities


You were on level 1 of the Dungeon.
You visited 1 branch of the dungeon, and saw 2 of its levels.

Inventory:

Hand Weapons
 a - a +0 dagger (weapon)
Armour
 c - a +0 ring mail (worn)


   Skills:
 + Level 1.0 Fighting
 + Level 2.4 Dodging
 - Level 1.5 Stealth
 - Level 1.3 Spellcasting
 - Level 2.9 Necromancy


You had one spell level left.
You knew the following spells:

 Your Spells              Type           Power      Damage    Failure   Level
a - Pain                  Necr           28%        1d5       21%         1

Your spell library contained the following spells:

 Spells                   Type           Power      Damage    Failure   Level
 Animate Skeleton         Necr           14%        N/A       21%         1
 Vampiric Draining        Necr           3%         2d6       52%         3
 Animate Dead             Necr           3%         N/A       89%         4
 Agony                    Necr           7%         N/A       99%         5


Dungeon Overview and Level Annotations

Branches:
Dungeon (2/15)

Altars:

Annotations:
D:2 1 runed translucent door, Crazy Yiuf


Innate Abilities, Weirdness & Mutations

You have a pair of horns on your head.
You reflexively headbutt those who attack you in melee.


Message History

Found a mace.
Found a runed translucent door.
Crazy Yiuf shouts!
Crazy Yiuf cries, "Snower!"
Press: ? - help, v - describe, . - travel
Here: Crazy Yiuf, wielding a +3 quarterstaff of chaos and wearing a +0 cloak (fire blocked by a runed translucent door)
The floor.
Crazy Yiuf cries, "You leg down broken song, no?"
A kobold comes into view. It is wielding a +0 club.
The kobold shouts!
An endoplasm comes into view.
You closely miss the kobold. The kobold hits you with a +0 club.
You hit the kobold.
You kill the kobold!
You see here a +0 club.
You hit the endoplasm.
The endoplasm is heavily wounded.
The endoplasm closely misses you. You furiously retaliate!
You headbutt the endoplasm.
You kill the endoplasm!
Found a stone staircase leading up.
Found a stone staircase leading down.
There is a stone staircase leading up here.
You climb upwards.
The hobgoblin shouts!
The quokka barely misses you. The quokka bites you.
There is a stone staircase leading down, spattered with blood here.
You barely miss the quokka. The quokka bites you.
You completely miss the quokka. Your headbutt misses the quokka.
The quokka bites you.
* * * LOW HITPOINT WARNING * * *
You closely miss the quokka. Your headbutt misses the quokka.
The quokka closely misses you. You furiously retaliate!
You headbutt the quokka.
You kill the quokka!
Your Fighting skill increases to level 1!
The hobgoblin barely misses you.
You hit the hobgoblin.
The hobgoblin is severely wounded.
The hobgoblin hits you.
You die...

#########
#.@g....#
#>#####.#
#....#
#.....#
#######


You could see a hobgoblin.

Vanquished Creatures
  An endoplasm (D:2)
  2 kobolds (D:2)
  A quokka (D:1)
4 creatures vanquished.

Notes
Turn   | Place    | Note
-------+----------+-------------------------------------------
     0 | D:1      | nxtlvl the Minotaur Necromancer began the quest for the
                  | Orb.
     0 | D:1      | Reached XP level 1. HP: 14/14 MP: 1/1
    85 | D:2      | Found a runed translucent door.
    86 | D:2      | Noticed Crazy Yiuf
   133 | D:1      | Reached skill level 1 in Fighting
   134 | D:1      | Slain by a hobgoblin

Illustrated notes

Levels and vault maps discovered:
D:1:      lemuel_arrival_behind_the_door_small, layout_loops_corners,
          kennysheep_flooded_box, amcnicky_mini_corridor_feature,
          minmay_misc_feat_more_columns
D:2:      layout_rooms, basic_ecumenical_altar, uniq_crazy_yiuf_cottage

Skill      XL: |  1 |
---------------+----+-----
Fighting       | 1 |  1.0
Dodging        | |  2.4
Stealth        | |  1.5
Spellcasting   | |  1.3
Necromancy     | |  2.9

Action                   || total
-------------------------++-------
Melee: Dagger            ||     7
       Unarmed           ||     2
Dodge: Dodged            ||     5
